 Dungeon Crawl Stone Soup version 0.25.1-2-g60ff931df9 (webtiles) character file.

Game seed: 13307112693917456561

974 Amplified the Shield-Bearer (level 7, -6/67 HPs)
             Began as a Deep Dwarf Fighter on Oct 10, 2020.
             Mangled by an ogre
             ... wielding a +0 giant club
              (14 damage)
             ... on level 6 of the Dungeon.
             The game lasted 00:07:43 (3150 turns).

Amplified the Shield-Bearer (Deep Dwarf Fighter)    Turns: 3150, Time: 00:07:43

Health: -6/67      AC:  9    Str: 22    XL:     7   Next: 95%
Magic:  5/5        EV:  8    Int:  8    God:
Gold:   386        SH: 12    Dex: 18    Spells: 6/6 levels left

rFire    . . .     SeeInvis .   a - +2 war axe
rCold    . . .     Gourm    .   c - +2 kite shield
rNeg     . . .     Faith    .   r - +0 acid dragon scales
rPois    +         Spirit   .   d - +0 helmet (curse)
rElec    .         Reflect  .   (no cloak)
rCorr    +         Harm     .   (no gloves)
MR       +....                  m - +0 pair of boots
Stlth    +.........             (no amulet)
HPRegen  0.00/turn              e - +6 ring of dexterity
MPRegen  0.09/turn              j - ring of poison resistance

@: non-regenerating, heavily drained
A: damage resistance, heal wounds, sense surroundings 1, no regeneration
a: Heal Wounds


You were on level 6 of the Dungeon.
You were not hungry.

You visited 1 branch of the dungeon, and saw 7 of its levels.

You collected 386 gold pieces.

Inventory:

Hand Weapons
 a - a +2 war axe (weapon)
 i - a +4 trident
 k - a +2 halberd
Missiles
 q - 16 poisoned darts (quivered)
Armour
 b - a +0 scale mail
 c - a +2 kite shield (worn)
 d - a cursed +0 helmet (worn)
 m - a +0 pair of boots (worn)
 o - a +0 buckler
 r - +0 acid dragon scales (worn)
Jewellery
 e - a +6 ring of dexterity (left hand)
 h - an uncursed ring of wizardry {unknown}
 j - a ring of poison resistance (right hand)
 s - a +4 ring of protection {unknown}
Wands
 g - a wand of iceblast (7)
Scrolls
 l - 2 scrolls of enchant weapon
 p - a scroll of summoning {unknown}
Potions
 n - a potion of brilliance
Comestibles
 f - 6 rations
 t - a chunk of flesh


   Skills:
 * Level 5.2(3.5) Fighting
 * Level 5.7(4.1) Axes
 + Level 4.9(3.3) Armour
 * Level 6.3(4.6) Shields


You had 6 spell levels left.
You didn't know any spells.
Your spell library was empty.

Dungeon Overview and Level Annotations

Branches:
Dungeon (7/15)
 Temple: D:4-7

Altars:

Annotations:
D:4 2 transporters, sfoobar's ghost, amateur MiBe


Innate Abilities, Weirdness & Mutations

You are resistant to damage.
You can heal yourself by infusing magical energy.
You passively map a small area around you.
You do not regenerate.


Message History

Aim: an ogre, wielding a +0 giant club (very poisoned)
You throw a poisoned dart. The poisoned dart hits the ogre.
Throwing (i - inventory)
q - 17 poisoned darts (quivered)
Press: ? - help, Shift-Dir - straight line, f/p - ogre
Aim: an ogre, wielding a +0 giant club (lightly wounded, very poisoned)
You throw a poisoned dart. The poisoned dart hits the ogre.
The ogre is lightly wounded.
Throwing (i - inventory)
q - 16 poisoned darts (quivered)
Press: ? - help, Shift-Dir - straight line, f/p - ogre
Aim: an ogre, wielding a +0 giant club (lightly wounded, very poisoned)
Okay, then.
Your shield and acid dragon scales prevent you from hitting the ogre.
The ogre is lightly wounded.
The ogre hits you with a +0 giant club!
* * * LOW HITPOINT WARNING * * *
Unknown command.
You hit the ogre.
The ogre is moderately wounded.
The ogre hits you with a +0 giant club!
You die...

...................#
###.....
......############.##
#......# ......# * #..#
#......# ......# ,.,,
##.######......# ......#*
.. #.............# (..(..#
...#######.###.#.......#
......# .........#.#
#.#####.... ......#
.........#.###.########.
......+
,..((.(O@......รท#......'.
......#
,.(.......#####.########.
......# ...............#
#. ......#
,...............# #.
###.###* ...............#
#. # #.# ...............#
#. # #.#
###............########. #
#.# #..................###
# #.# ###########........#


You could see an ogre (very poisoned).

Vanquished Creatures
  Maggie (D:6)
  An orc warrior (D:6)
  An ogre (D:4)
  A big kobold (D:6)
  A bullfrog (D:3)
  6 wights
  A quasit (D:6)
  An iguana (D:6)
  An adder (D:2)
  A shadow imp (D:7)
  An ooze (D:3)
  A worm (D:3)
  2 dart slugs
  2 leopard geckos
  14 orcs
  6 bats
  3 giant cockroaches
  5 hobgoblins
  6 jackals
  6 frilled lizards
  6 goblins
  7 kobolds
  6 rats
80 creatures vanquished.

Vanquished Creatures (others)
  A kobold (D:6)
1 creature vanquished.

Grand Total: 81 creatures vanquished

Notes
Turn   | Place    | Note
-------+----------+-------------------------------------------
     0 | D:1      | Amplified the Deep Dwarf Fighter began the quest for the
                  | Orb.
     0 | D:1      | Reached XP level 1. HP: 20/20 MP: 1/1
   232 | D:1      | Reached XP level 2. HP: 27/27 MP: 2/2
   853 | D:2      | Noticed an ogre
   937 | D:3      | Noticed a bullfrog
   944 | D:3      | Killed a bullfrog
   944 | D:3      | Reached skill level 4 in Shields
   944 | D:3      | Reached XP level 3. HP: 25/34 MP: 3/3
   944 | D:3      | Reached XP level 4. HP: 31/42 MP: 4/4
  1724 | D:2      | Found a faded altar of an unknown god.
  1737 | D:2      | Reached XP level 5. HP: 31/49 MP: 5/5
  1878 | D:4      | Found a transporter.
  1882 | D:4      | Found a transporter.
  1882 | D:4      | Noticed sfoobar's ghost (amateur MiBe)
  1897 | D:5      | Entered Level 5 of the Dungeon
  2181 | D:4      | Noticed an ogre
  2279 | D:4      | Killed an ogre
  2279 | D:4      | Reached XP level 6. HP: 17/57 MP: 6/6
  2462 | D:4      | You fall into a shaft and drop 3 floors!
  2467 | D:6      | Noticed an orc warrior
  2483 | D:7      | Noticed an orc warrior
  2683 | D:6      | Reached skill level 5 in Shields
  2684 | D:6      | Killed an orc warrior
  2823 | D:6      | Noticed an orc warrior
  2838 | D:6      | Noticed Maggie
  2869 | D:6      | Reached XP level 7. HP: 31/66 MP: 6/6
  2871 | D:6      | Reached skill level 5 in Axes
  2901 | D:6      | Killed Maggie
  2901 | D:6      | Reached skill level 5 in Fighting
  2901 | D:6      | Reached skill level 6 in Shields
  3150 | D:6      | Mangled by an ogre

Illustrated notes

Levels and vault maps discovered:
D:1:      lemuel_arrival_hallway, layout_loops_corners, corexii_corridor_pit
D:2:      layout_loops_ring, chequers_ecumenical_altar_twisty
D:3:      layout_basic, serial_glass, glass_columns_b, glass_columns_c,
          minmay_quadrilaterals
D:4:      layout_basic, gammafunk_ghost_arena, first_ration
D:5:      layout_layer_cave
D:6:      layout_basic, minmay_misc_feat_encased,
          chequers_serial_rivers_micro_b, uniq_maggie
D:7:      layout_cave_pools, vehumet_altar_wand_db,
          minmay_temple_entry_mini_moons, serial_shops, shop

Skill      XL: |  1  2  3  4  5  6  7 |
---------------+----------------------+-----
Fighting       | 3 4 5 |  5.2
Axes           | 3 4 5 |  5.7
Shields        | 4 5 6 |  6.3
Armour         | 4 |  4.9

Action                   |  1- 3 |  4- 6 |  7- 9 || total
-------------------------+-------+-------+-------++-------
Melee: War axe           |    51 |   129 |    26 ||   206
Throw: Dart              |       |    24 |    17 ||    41
 Abil: Heal Wounds       |       |     5 |     6 ||    11
Evoke: Wand              |       |       |     4 ||     4
  Use: Scroll            |     3 |    10 |       ||    13
       Potion            |     2 |     7 |       ||     9
 Stab: Invisible         |       |     1 |       ||     1
  Eat: Chunk             |       |     6 |       ||     6
       Ration            |       |       |     1 ||     1
Armor: Scale mail        |    30 |    78 |    12 ||   120
       Acid dragon scale |       |       |     4 ||     4
Dodge: Dodged            |    14 |    64 |    20 ||    98
Block: Kite shield       |    32 |   123 |    30 ||   185
